 Dungeon Crawl Stone Soup version 0.31-a0-851-g7ff8af7976 (webtiles) character file.

Game seed: 1867701535631349915

7055 pokeman the Thaumaturge (level 10, -4/57 HPs)
             Began as a Deep Elf Hedge Wizard on Oct 6, 2023.
             Was a Priest of Vehumet.
             Slain by Erica
             ... wielding a +3 scimitar of flaming
              (5 damage)
             ... on level 9 of the Dungeon.
             The game lasted 00:35:34 (10957 turns).

pokeman the Thaumaturge (Deep Elf Hedge Wizard)    Turns: 10957, Time: 00:35:35

Health: -4/57      AC:  9    Str:  7    XL:     10   Next: 83%
Magic:  21/30      EV: 13    Int: 24    God:    Vehumet [***...]
Gold:   398        SH:  0    Dex: 14    Spells: 26/37 levels left

rFire   . . .        y - +2 spear (venom)
rCold   + . .        (no shield)
rNeg    . . .        t - +2 robe {rC+}
rPois   .            D - +0 helmet
rElec   .            E - +1 cloak
rCorr   .            (no gloves)
SInv    .            J - +1 pair of boots
Will    +....        (no amulet)
Stlth   ++           (no ring)
HPRegen 0.29/turn    (no ring)
MPRegen 0.22/turn

%: no passive effects
@: lethally poisoned (-4 -> -15)
A: MP-powered wands
a: Renounce Religion


You were on level 9 of the Dungeon.
You worshipped Vehumet.
Vehumet was most pleased with you.
You visited 2 branches of the dungeon, and saw 10 of its levels.
You also visited: Ossuary.

You collected 573 gold pieces.
You spent 175 gold pieces at shops.

Inventory:

Hand Weapons
 y - a +2 spear of venom (weapon)
 H - a +2 halberd of pain
Missiles
 N - 3 throwing nets
 O - 2 curare-tipped darts
Armour
 t - a +2 robe of cold resistance (worn)
 A - a +0 robe of fire resistance
 D - a +0 helmet (worn)
 E - a +1 cloak (worn)
 J - a +1 pair of boots (worn)
Magical Staves
 h - a staff of conjuration
 i - a staff of fire
 k - a staff of poison
 v - a staff of air
Jewellery
 c - a ring of flight
Wands
 M - a wand of digging (4)
Scrolls
 a - 4 scrolls of fear {unknown}
 b - 5 scrolls of blinking
 e - 14 scrolls of identify
 f - 3 scrolls of poison {unknown}
 g - 8 scrolls of teleportation {unknown}
 j - a scroll of enchant armour {unknown}
 m - a scroll of noise {unknown}
 p - a scroll of immolation {unknown}
 s - a scroll of vulnerability {unknown}
 u - a scroll of brand weapon {unknown}
 x - a scroll of fog {unknown}
 F - 2 scrolls of amnesia {unknown}
 G - 2 scrolls of enchant weapon {unknown}
 P - a scroll of acquirement {unknown}
Potions
 d - a potion of magic
 l - 4 potions of mutation
 n - a potion of resistance {unknown}
 o - 2 potions of attraction {unknown}
 q - a potion of cancellation {unknown}
 r - a potion of enlightenment {unknown}
 w - a potion of lignification {unknown}
 z - 4 potions of heal wounds {unknown}
 B - 2 potions of might {unknown}
 C - 2 potions of brilliance {unknown}
 I - 3 potions of degeneration {unknown}
 K - a potion of curing
 L - a potion of ambrosia {unknown}


   Skills:
 + Level 4.3 Fighting
 - Level 4.1 Armour
 - Level 3.0 Dodging
 - Level 3.0 Stealth
 * Level 14.1 Spellcasting
 + Level 8.2 Conjurations
 - Level 1.1 Summonings
 - Level 1.0 Necromancy
 - Level 1.1 Translocations
 + Level 7.3 Fire Magic
 - Level 1.2 Air Magic
 - Level 1.0 Poison Magic
 - Level 1.0 Evocations


You had 26 spell levels left.
You knew the following spells:

 Your Spells              Type           Power      Damage    Failure   Level
a - Magic Dart            Conj           100%       1d8       1%          1
b - Mephitic Cloud        Conj/Pois/Air  33%        N/A       1%          3
c - Call Imp              Summ           44%        N/A       3%          2
d - Blink                 Tloc           44%        N/A       3%          2
e - Volatile Blastmotes   Fire/Tloc      74%        2d16      1%          3

Your spell library contained the following spells:

 Spells                   Type           Power      Damage    Failure   Level
 Airstrike                Air            11%        2d(2-18)  5%          4
 Slow                     Hex            68%        N/A       3%          1
 Cigotuvi's Dreadful Rot  Necr/Pois/Air  44%        N/A       3%          2
 Ensorcelled Hibernation  Hex/Ice        34%        N/A       5%          2
 Passwall                 Tmut/Erth      14%        N/A       5%          2
 Swiftness                Air            22%        N/A       6%          3
 Call Canine Familiar     Summ           22%        N/A       7%          3
 Ozocubu's Armour         Ice            17%        N/A       11%         3
 Sigil of Binding         Hex            17%        N/A       11%         3
 Dimensional Bullseye     Hex/Tloc       9%         N/A       26%         4
 Anguish                  Hex/Necr       9%         N/A       28%         4
 Cause Fear               Hex            8%         N/A       34%         4
 Leda's Liquefaction      Hex/Erth       8%         N/A       34%         4
 Ozocubu's Refrigeration  Ice            8%         4d9       99%         7
 Enfeeble                 Hex            8%         N/A       100%        7
 Chain Lightning          Conj/Air       19%        3d26      100%        9
 Fire Storm               Conj/Fire      26%        8d7       100%        9
 Shatter                  Erth           8%         3d10*     100%        9


Dungeon Overview and Level Annotations

Branches:
Dungeon (9/15)             Temple (1/1) D:6         Ossuary (visited)
   Lair: D:8-11         Orc: D:9-12

Altars:
Ashenzari
Cheibriados
Dithmenos
Elyvilon
Fedhas
Gozag
Hepliaklqana
Kikubaaqudgha
Makhleb
Nemelex Xobeh
Okawaru
Qazlal
Ru
Trog
Uskayaw
Vehumet
Wu Jian
Xom
Yredelemnul
Zin
The Shining One

Shops:
D:2 :   D:5 (   D:6 ?   D:8 *

Annotations:
D:3 2 transporters, hattop's ghost, amateur OpSh
D:9 Erica; Erolcha


Innate Abilities, Weirdness & Mutations

You expend magic power (3 MP) to strengthen your wands.


Message History

Unknown command.
Casting: Call Imp (safe; 3% risk of failure)
Confirm with . or Enter, or press ? or * to list all spells.
A tiny devil pulls itself out of the air.
The howler monkey misses you. Erolcha casts a spell at you.
You easily resist.
The howler monkey completely misses your cerulean imp.
You hear some strange, mumbled words.
A bolt of poison appears from out of thin air!
The bolt of poison hits you!!
You are poisoned.
* * * LOW HITPOINT WARNING * * *
Erolcha casts a spell at you.
You easily resist.
Your cerulean imp barely misses the howler monkey.
The howler monkey hits your cerulean imp but does no damage.
Casting: Call Imp (safe; 3% risk of failure)
Confirm with . or Enter, or press ? or * to list all spells.
Aiming: Mephitic Cloud (safe; 1% risk of failure)
Press: ? - help, Shift-Dir - straight line, p - yak The ball explodes into a vile cloud!
The stinking cloud engulfs something but does no damage.
The stinking cloud engulfs the howler monkey but does no damage.
* * * LOW HITPOINT WARNING * * *
You feel very sick.
The yak barely misses your cerulean imp.
The howler monkey is engulfed in noxious fumes.
The howler monkey appears confused.
The howler monkey closely misses your cerulean imp.
Your cerulean imp hits the howler monkey with a -2 spear.
Unknown command.
* * * LOW HITPOINT WARNING * * *
You feel very sick.
The yak closely misses your cerulean imp.
The howler monkey is engulfed in noxious fumes.
The howler monkey appears confused.
The howler monkey barely misses something.
Something hits you.
You die...

...............##########
...............................
#...............>..............
#......O.......................
#..............................
#.......!......................
#......Y.......................
###...§....).Y5..................
.......§.....h○{@................
.....)§).....○...................
......###############............
Y..K..# .########## ....)Y###
.....{.. .....K### ..K..#$
..########## .))..#.+
...[........


You could see Erolcha, 2 yaks, a howler monkey (confused, ally target) and a
friendly cerulean imp (summoned).

Vanquished Creatures
  Pikel (D:5)
  A cyclops (D:6)
  Jeremiah (D:6)
  Prince Ribbit (D:5)
  2 yaks (D:9)
  2 water moccasins
  2 black bears
  A sky beast (D:8)
  6 orc warriors
  10 ogres
  2 centaurs
  4 lemures (D:5)
  5 kobold brigands
  Blork the orc (D:5)
  4 gnoll sergeants
  4 wights (D:9)
  12 killer bees
  6 howler monkeys (D:6)
  4 jellies
  12 hounds
  18 orc priests
  2 gnoll boudas (D:6)
  2 sleepcaps
  4 iguanas
  7 orc wizards
  A mummy (Ossuary)
  19 gnolls
  An adder (D:4)
  2 shadow imps
  A white imp (D:6)
  An ufetubus (D:6)
  A worm (D:3)
  A dart slug (D:4)
  42 orcs
  3 spectral bats (Ossuary)
  8 ball pythons
  7 bats
  3 endoplasms (D:1)
  2 giant cockroaches
  7 goblins
  2 hobgoblins
  3 jackals (D:4)
  32 kobolds
  4 quokkas
  2 bat simulacra (Ossuary)
  4 frilled lizards
  12 gnoll zombies (Ossuary)
  5 goblin simulacra (Ossuary)
  6 goblin zombies (Ossuary)
  4 hobgoblin zombies (Ossuary)
  3 kobold simulacra (Ossuary)
  A kobold zombie (Ossuary)
  7 orc zombies (Ossuary)
  8 rats
  A rat simulacrum (Ossuary)
  4 spectral goblins (Ossuary)
  2 spectral kobolds (Ossuary)
  5 spectral rats (Ossuary)
318 creatures vanquished.

Vanquished Creatures (others)
  A killer bee (D:9)
  An orc wizard (D:8)
  A butterfly (D:3)
3 creatures vanquished.

Grand Total: 321 creatures vanquished

Notes
Turn   | Place    | Note
-------+----------+-------------------------------------------
     0 | D:1      | pokeman the Deep Elf Hedge Wizard began the quest for the
                  | Orb.
     0 | D:1      | Reached XP level 1. HP: 10/10 MP: 7/7
   413 | D:1      | Reached XP level 2. HP: 16/16 MP: 6/9
  1360 | D:2      | Found Pejygeph's Vocational Training.
  1368 | D:2      | Noticed a great orb of eyes
  1370 | D:2      | Found a faded altar of an unknown god.
  1374 | D:2      | Noticed a floating eye
  1374 | D:2      | Noticed a golden eye
  1374 | D:2      | Noticed a great orb of eyes
  1381 | D:2      | Reached skill level 5 in Spellcasting
  1434 | D:2      | Found a broken altar of Ashenzari.
  1652 | D:2      | Reached XP level 3. HP: 20/20 MP: 9/11
  1656 | D:2      | Learned a level 3 spell: Mephitic Cloud
  1659 | D:2      | Learned a level 2 spell: Call Imp
  1662 | D:2      | Learned a level 2 spell: Blink
  2020 | D:3      | Found a transporter.
  2021 | D:3      | Noticed hattop's ghost (amateur OpSh)
  2137 | D:3      | Noticed a black bear
  2158 | D:3      | Killed a black bear
  2159 | D:3      | Reached skill level 1 in Fighting
  2159 | D:3      | Reached skill level 1 in Armour
  2159 | D:3      | Reached skill level 6 in Spellcasting
  2159 | D:3      | Reached XP level 4. HP: 7/25 MP: 2/14
  2363 | D:3      | Reached XP level 5. HP: 10/29 MP: 2/15
  2474 | D:3      | Found a transporter.
  2653 | D:3      | Found a white marble altar of Elyvilon.
  3438 | D:4      | Reached XP level 6. HP: 34/34 MP: 10/17
  4206 | D:4      | Found a hide-covered altar of Uskayaw.
  4410 | D:5      | Entered Level 5 of the Dungeon
  4435 | D:5      | Reached skill level 1 in Fire Magic
  4437 | D:5      | Noticed an orc warrior
  4448 | D:5      | Reached skill level 7 in Spellcasting
  4448 | D:5      | Reached skill level 1 in Poison Magic
  4448 | D:5      | Reached skill level 1 in Evocations
  4456 | D:5      | Killed an orc warrior
  4457 | D:5      | Reached skill level 1 in Air Magic
  4568 | D:5      | Found a broken altar of Ashenzari.
  4626 | D:5      | Reached XP level 7. HP: 17/39 MP: 10/19
  4711 | D:5      | Found Feug's Antique Weapon Shop.
  4828 | D:5      | Reached skill level 8 in Spellcasting
  4828 | D:5      | Noticed Blork the orc
  5286 | D:5      | Killed Blork the orc
  5287 | D:5      | Reached XP level 8. HP: 32/44 MP: 11/22
  5391 | D:5      | Noticed Prince Ribbit
  5397 | D:5      | Reached skill level 9 in Spellcasting
  5403 | D:5      | Killed Prince Ribbit
  5779 | D:5      | Noticed Pikel
  5805 | D:5      | Killed Pikel
  5806 | D:5      | Reached skill level 10 in Spellcasting
  5806 | D:5      | Reached skill level 5 in Conjurations
  5992 | D:5      | Found an ornate altar of the Wu Jian Council.
  6260 | D:6      | Reached XP level 9. HP: 40/48 MP: 15/25
  6674 | D:6      | Reached skill level 11 in Spellcasting
  6697 | D:6      | Reached skill level 5 in Fire Magic
  7002 | D:6      | Reached skill level 1 in Necromancy
  7107 | D:6      | Noticed Jeremiah
  7249 | D:6      | Reached skill level 12 in Spellcasting
  7341 | D:6      | Noticed a cyclops
  7354 | D:6      | Gained mutation: You expend magic power (3 MP) to
                  | strengthen your wands. [potion of mutation]
  7354 | D:6      | HP: 2/50 [poisoned by a kobold brigand]
  7361 | D:6      | Killed a cyclops
  7362 | D:6      | Reached XP level 10. HP: 17/56 MP: 7/28
  7374 | D:6      | HP: 2/56 [ogre/+0 giant club (7)]
  7733 | D:6      | Killed Jeremiah
  7919 | D:6      | Found Qurruny's Magic Scroll Emporium.
  7923 | D:6      | Found a staircase to the Ecumenical Temple.
  7927 | D:6      | Bought a scroll of identify for 26 gold pieces
  7927 | D:6      | Bought a scroll of blinking for 97 gold pieces
  7927 | D:6      | Bought a scroll of identify for 26 gold pieces
  7927 | D:6      | Bought a scroll of identify for 26 gold pieces
  7932 | Temple   | Entered the Ecumenical Temple
  7938 | Temple   | Became a worshipper of Vehumet
  7997 | D:6      | Reached skill level 13 in Spellcasting
  9271 | D:8      | Found Eneocabiduv's General Store.
  9328 | D:8      | Reached * piety under Vehumet
  9328 | D:8      | Offered knowledge of Shock by Vehumet.
  9412 | D:8      | Found an iron altar of Okawaru.
  9492 | D:8      | Found a sand-covered staircase.
  9496 | Ossuary  | Entered an ossuary
  9739 | Ossuary  | Reached ** piety under Vehumet
  9739 | Ossuary  | Offered knowledge of Static Discharge by Vehumet.
 10073 | Ossuary  | Offered knowledge of Volatile Blastmotes by Vehumet.
 10444 | D:8      | Found a shadowy altar of Dithmenos.
 10564 | D:9      | Learned a level 3 spell: Volatile Blastmotes
 10575 | D:9      | Reached *** piety under Vehumet
 10606 | D:9      | HP: 1/56 [shot self (18)]
 10607 | D:9      | Reached skill level 14 in Spellcasting
 10916 | D:9      | Noticed Erica
 10920 | D:9      | Noticed Erolcha
 10922 | D:9      | Offered knowledge of Airstrike by Vehumet.
 10957 | D:9      | HP: 1/57 [poisoned by Erica (bolt of poison)]
 10957 | D:9      | Slain by Erica

Illustrated notes

Levels and vault maps discovered:
D:1:      ldierk_walled_garden, layout_loops_cross,
          nicolae_concentric_dashed_squares_mild
D:2:      layout_loops_ring, basic_altar,
          hellmonk_ecumenical_altar_watching_god, nicolae_shop_vocational
D:3:      layout_loops_cross, nicolae_elyvilon_peaceful_grove,
          gammafunk_ghost_stat_death, minmay_close_crescents
D:4:      cheibrodos_pilgrimage, layout_basic, nicolae_uskayaw_suspiria
D:5:      layout_loops_cross, pdpol_wu_jian_five_deadly_venoms,
          ashenzari_conservatory_becter, serial_shops, shop,
          kennysheep_generic_room_11, uniq_prince_ribbit1, uniq_blork_the_orc,
          uniq_pikel
D:6:      lemuel_castle_with_subvaults [lemuel_castle_interior_carwin_3],
          layout_rooms, minmay_temple_entry_proselytizer, serial_shops, shop,
          uniq_jeremiah
D:7:      layout_loops_ring
D:8:      layout_rooms, mainiacjoe_overflow_two_lobes, serial_shops, shop,
          lightli_ossuary_entry_decrepit_ruins
D:9:      layout_long_grid, minivault_11, uniq_erolcha, uniq_erica
Temple:   hellmonk_temple_two_chambers

Skill      XL: |  1  2  3  4  5  6  7  8  9 10 |
---------------+-------------------------------+-----
Spellcasting   | 5 6 7 8 10 12 14 | 14.1
Fighting       | 1 2 3 4 |  4.3
Armour         | 1 2 3 4 |  4.1
Conjurations   | 2 3 4 5 7 8 |  8.2
Stealth        | 3 |  3.0
Dodging        | 3 |  3.0
Fire Magic     | 1 2 4 6 7 |  7.3
Poison Magic   | 1 |  1.0
Evocations     | 1 |  1.0
Air Magic      | 1 |  1.2
Necromancy     | 1 |  1.0
Summonings     | |  1.1
Translocations | |  1.1

Action                     |  1- 3 |  4- 6 |  7- 9 | 10-12 || total
---------------------------+-------+-------+-------+-------++-------
  Melee: Dagger            |     9 |    50 |       |       ||    59
         Spear             |       |    27 |   247 |   400 ||   674
         Punch             |       |       |     3 |     7 ||    10
   Cast: Magic Dart        |    81 |   112 |   104 |    74 ||   371
         Mephitic Cloud    |     2 |    13 |    51 |    49 ||   115
         Call Imp          |     1 |     1 |     3 |     3 ||     8
         Blink             |       |     2 |     3 |     4 ||     9
         Volatile Blastmot |       |       |       |     5 ||     5
  Evoke: Wand              |       |       |       |     4 ||     4
    Use: Potion            |       |       |     2 |     1 ||     3
   Stab: Confused          |     1 |     2 |    32 |    17 ||    52
         Paralysed         |       |       |       |    10 ||    10
         Sleeping          |       |       |       |     9 ||     9
 Armour: Robe              |    12 |    46 |    69 |   219 ||   346
  Dodge: Dodged            |    11 |    55 |    78 |   272 ||   416

Table legend: (Time is in decaauts)
 A = Elapsed time spent in this place.
 B = Non-inter-level travel time spent in this place.
 C = Inter-level travel time spent in this place.
 D = Time resting spent in this place.
 E = Time spent auto-exploring this place.
 F = Levels seen in this place.
 G = Mean time per level.
                   A        B        C        D        E       F      G
               +--------+--------+--------+--------+--------+-----+--------+
         Total |  11062 |  10748 |    314 |    796 |   7108 |  11 | 1005.6 |
       Dungeon |  10381 |  10072 |    309 |    777 |   7011 |   9 | 1153.4 |
        Temple |     12 |      7 |      5 |      0 |      0 |   1 |   12.0 |
       Ossuary |    668 |    668 |      0 |     19 |     97 |   1 |  668.0 |
               +--------+--------+--------+--------+--------+-----+--------+

Top non-repeatable levels by time:
     D:6: 1828 daAuts
     D:4: 1758 daAuts
     D:5: 1436 daAuts
     D:3: 1202 daAuts
     D:1: 1105 daAuts
     D:7: 1093 daAuts
     D:2: 754 daAuts
     D:8: 714 daAuts
 Ossuary: 668 daAuts
     D:9: 488 daAuts
  Temple: 12 daAuts
